[Event "Team 45 45 League T25"]
[Site "Free Internet Chess Server"]
[Date "PST.12.0"]
[Round "1"]
[White "blkmagic"]
[Black "nasmichael"]
[Result "1-0"]
[WhiteElo "1052"]
[BlackElo "1229"]
[TimeControl "2700+45"]

1. e4 c5 2. Nc3 Nc6 3. Nf3 e6 4. Bc4 Nge7 5. O-O Ng6 6. d3 d5 7. exd5 exd5 8. Bxd5 Nd4 9. Re1+ Be7 10. Nxd4 cxd4 11. Nb5 O-O 12. Qf3 a6 13. Nxd4 Rb8 14. Bf4 Bd6 15. Bxd6 Qxd6 16. Re8 Bd7 17. Rxf8+ Rxf8 18. Re1 Ne5 19. Qf4 Be6 20. Nxe6 fxe6 21. Qxe5 Qxe5 22. Rxe5 exd5 23. Rxd5 Re8 24. h3 Re2 25. Rd8+ Kf7 26. Rd7+ Kf8 27. Rxb7 Rxc2 28. Rb8+ Ke7 29. d4 Ke6 30. Re8+ Kd7 31. Rg8 Rxb2 32. Rxg7+ Kd6 33. f4 Rxa2 34. Rxh7 Ra4 35. Rh6+ Kd5 36. f5 Rxd4 37. Rxa6 Rf4 38. f6 Ke5 39. g3 Rxf6 40. Rxf6 Kxf6 41. Kf2 Kg5 42. Kf3 Kh5 43. h4 Kg6 44. g4 Kh7 45. Kf4 Kh6 46. h5 Kg7 47. g5 Kf7 48. Kf5 Kg7 49. h6+ Kh7 50. Kf6 Kh8 51. g6 Kg8 52. h7+ Kh8 53. g7+   {Black resigns} 1-0

[Event "Team 45 45 League T25"]
[Site "Free Internet Chess Server"]
[Date "2004.12.11"]
[Round "1"]
[White "Struggler"]
[Black "adingod"]
[Result "0-1"]
[WhiteElo "1875"]
[BlackElo "2100"]
[TimeControl "2700+45"]

1. d4 Nf6 2. c4 g6 3. Nc3 d5 4. Nf3 Bg7 5. e3 O-O 6. Bd3 c6 7. O-O Bg4 8. h3 Bxf3 9. Qxf3 e6 10. b3 Qd6 11. Bb2 Nbd7 12. Rfd1 Rad8 13. Rac1 Rfe8 14. a3 e5 15. dxe5 Nxe5 16. Qe2 d4 17. Ne4 Nxe4 18. Bxe4 d3 19. Bxe5 dxe2 20. Rxd6 Bxe5 21. Rxd8 Rxd8 22. Bf3 Rd2 23. g4 Bb2 24. Re1 Bxa3 25. Rxe2 Rd3 26. Kg2 Rxb3 27. Rd2 Rb2 28. Rxb2 Bxb2 29. Bd1 b5 30. cxb5 cxb5 31. Bb3 a5 32. Kf1 a4 33. Bd5 b4 34. Ke2 b3 35. Kd3 Bf6 36. f4 Kg7 37. e4 Bb2 38. Kc4 Be5 39. Kb4 b2 40. Ba2 Bxf4 41. Kxa4 Kf6 42. Kb3 Be5 43. Kc2 g5 44. Bc4 Bd4 45. Bd5 Ke5 46. Bxf7 Kxe4 47. Bc4 Kf3 48. Bd3 h6 49. Kb1 Kg3 50. Bf1 Kf2 51. Bd3 Kg2 52. Bf5 Kxh3 53. Kc2 Kh4 54. Kd2 h5 55. gxh5 Kxh5 56. Ke2 g4 57. Kf1 Kg5 58. Bc2 Kf4 59. Kg2 Be5 60. Bb1 Ke3   {White resigns} 0-1

[Event "Team 45 45 League T25"]
[Site "Free Internet Chess Server"]
[Date "2004.12.12"]
[Round "1"]
[White "MStav"]
[Black "Curveball"]
[Result "1-0"]
[WhiteElo "1691"]
[BlackElo "1721"]
[TimeControl "2700+45"]

1. d4 d5 2. Nf3 Nf6 3. Bg5 h6 4. Bxf6 exf6 5. e3 c6 6. Nbd2 Bf5 7. Bd3 Bg4 8. h3 Bh5 9. g4 Bg6 10. Bxg6 fxg6 11. Qe2 Bd6 12. O-O-O Nd7 13. Qd3 Kf7 14. Nh4 Nf8 15. f4 Qe8 16. Rde1 Qd7 17. Rhf1 g5 18. Nf5 g6 19. Nxd6+ Qxd6 20. c4 b6 21. Rf2 Kg7 22. Ref1 gxf4 23. Rxf4 Nd7 24. e4 dxe4 25. Nxe4 Ne5 26. Qc3   {Black resigns} 1-0

[Event "Team 45 45 League T25"]
[Site "Free Internet Chess Server"]
[Date "2004.12.13"]
[Round "1"]
[White "zcomcon"]
[Black "Gazzer"]
[Result "1/2-1/2"]
[WhiteElo "1717"]
[BlackElo "1683"]
[TimeControl "2700+45"]

1. e4 c6 2. d4 d5 3. Nc3 dxe4 4. Nxe4 Bf5 5. Ng3 Bg6 6. h4 h6 7. Nf3 Nd7 8. h5 Bh7 9. Bd3 Bxd3 10. Qxd3 Ngf6 11. Ne4 Nxe4 12. Qxe4 Nf6 13. Qe2 Qd5 14. c3 Nxh5 15. Ne5 Nf6 16. f3 e6 17. Be3 Bd6 18. Nd3 Bg3+ 19. Bf2 Bxf2+ 20. Qxf2 Qb5 21. Qd2 Rd8 22. O-O-O Ke7 23. Qf2 Qc4 24. Kb1 b6 25. Ne5 Qd5 26. Nd3 Qc4 27. Ne5 Qd5 28. Nd3 Qc4   {Game drawn by repetition} 1/2-1/2

[Event "Team 45 45 League T25"]
[Site "Free Internet Chess Server"]
[Date "2004.12.12"]
[Round "1"]
[White "Akavall"]
[Black "TGV"]
[Result "0-1"]
[WhiteElo "1902"]
[BlackElo "1794"]
[TimeControl "2700+45"]

1. e4 c5 2. f4 Nc6 3. Nf3 d6 4. g3 Nf6 5. d3 Bg4 6. Bg2 c4 7. h3 Bxf3 8. Bxf3 cxd3 9. cxd3 e5 10. O-O Nd4 11. Be3 Nxf3+ 12. Qxf3 Be7 13. Nd2 O-O 14. d4 exd4 15. Bxd4 Qd7 16. Kg2 b6 17. a3 Rac8 18. Rac1 Rxc1 19. Rxc1 Qa4 20. Qc3 Qa6 21. Kf3 d5 22. e5 Ne4 23. Nxe4 dxe4+ 24. Kxe4 Qe2+ 25. Qe3 Qg2+ 26. Qf3 Qxh3 27. g4 f5+ 28. gxf5 Qxf5+ 29. Ke3 Bg5 30. Qd5+ Kh8 31. fxg5 Qxg5+ 32. Kd3 Qxc1 33. Qd6 Qf1+ 34. Kd2 Qg2+ 35. Kd3 Qf3+ 36. Be3 Qd1+ 37. Ke4 Qc2+ 38. Kd4 Qxb2+ 39. Ke4 Qc2+ 40. Kd4 Rc8 41. e6 Rc4+ 42. Ke5 Qe4#   {White checkmated} 0-1

[Event "Team 45 45 League T25"]
[Site "Free Internet Chess Server"]
[Date "2004.12.11"]
[Round "1"]
[White "Atreus"]
[Black "ButiOxa"]
[Result "1-0"]
[WhiteElo "1775"]
[BlackElo "1795"]
[TimeControl "2700+45"]

1. e4 e5 2. f4 d5 3. exd5 e4 4. d3 Nf6 5. dxe4 Nxe4 6. Nf3 Bc5 7. Qe2 Qe7 8. Be3 Nd7 9. Nbd2 Nxd2 10. Bxd2 Qxe2+ 11. Bxe2 Nf6 12. Bb5+ Bd7 13. Bxd7+ Kxd7 14. O-O-O Ne4 15. Ne5+ Ke7 16. Rhe1 f5 17. b4 Bd6 18. c4 Kf8 19. c5 Bxe5 20. fxe5 Nf2 21. Rf1 Nxd1 22. Rxf5+ Ke8 23. e6 Rf8 24. Rxf8+ Kxf8 25. Kxd1 Rd8 26. e7+ Kxe7 27. Bg5+ Kd7 28. Bxd8 Kxd8 29. Kd2   {Black resigns} 1-0

[Event "Team 45 45 League T25"]
[Site "Free Internet Chess Server"]
[Date "PST.12.0"]
[Round "1"]
[White "threeNT"]
[Black "MGoo"]
[Result "1-0"]
[WhiteElo "1735"]
[BlackElo "1761"]
[TimeControl "2700+45"]

1. e4 e6 2. d4 d5 3. Nc3 Nf6 4. Bg5 Be7 5. e5 Nfd7 6. Bxe7 Qxe7 7. f4 O-O 8. Nf3 c5 9. dxc5 Nxc5 10. Bd3 b6 11. O-O Ba6 12. Bxa6 Nbxa6 13. Nd4 f6 14. exf6 Rxf6 15. Qd2 Nc7 16. b4 Nd7 17. b5 Qc5 18. Rae1 a6 19. bxa6 Rxa6 20. a4 Nb8 21. Kh1 Nc6 22. Ndb5 Na5 23. Nxc7 Qxc7 24. f5 Nc4 25. Qd3 Qd7 26. fxe6 Rxf1+ 27. Rxf1 Qxe6 28. Nxd5 Rxa4 29. Nxb6 Nxb6 30. Qd8+   {Black resigns} 1-0

[Event "Team 45 45 League T25"]
[Site "Free Internet Chess Server"]
[Date "2004.12.11"]
[Round "1"]
[White "Galleta"]
[Black "BlkSabb"]
[Result "0-1"]
[WhiteElo "1718"]
[BlackElo "1670"]
[TimeControl "2700+45"]

1. e4 d6 2. d4 g6 3. Nc3 Bg7 4. Nf3 Nf6 5. Bc4 O-O 6. Bg5 h6 7. Bf4 g5 8. Be3 Ng4 9. Qd2 Nxe3 10. fxe3 e5 11. dxe5 dxe5 12. Qe2 c6 13. Rd1 Qe7 14. a3 Be6 15. O-O Nd7 16. Qd3 Nc5 17. Qd6 Qxd6 18. Rxd6 Bxc4 19. Rfd1 Ne6 20. b3 Ba6 21. h4 gxh4 22. Nxh4 Rad8 23. Nf5 Rxd6 24. Rxd6 Rd8 25. Na2 Rxd6 26. Nxd6 Bf8 27. Nc8 Bxa3 28. b4 c5 29. c3 Bc4 30. Nxa7 Bxa2 31. Nb5 Bb2 32. bxc5 Nxc5 33. Nd6 Bxc3 34. Kf2 Bb1 35. Nb5 Nxe4+ 36. Kf3 Bb2 37. Kg4 Bd3 38. Nc7 Nf6+ 39. Kf3 b5 40. Na6 Ba3 41. Kf2 Ne4+ 42. Ke1 b4 43. g3 Bxa6 44. Kd1 b3 45. g4 Bd3 46. g5 b2 47. gxh6 b1=Q#   {White checkmated} 0-1

[Event "Team 45 45 League T25"]
[Site "Free Internet Chess Server"]
[Date "2004.12.11"]
[Round "1"]
[White "Sportsmen"]
[Black "Regnmanden"]
[Result "1/2-1/2"]
[WhiteElo "2233"]
[BlackElo "2209"]
[TimeControl "2700+45"]

1. e4 c6 2. d4 d5 3. exd5 cxd5 4. c4 Nf6 5. Nc3 e6 6. Nf3 Be7 7. cxd5 exd5 8. Bb5+ Bd7 9. Bxd7+ Nbxd7 10. O-O O-O 11. Qb3 Nb6 12. Re1 Qd6 13. a3 Rfe8 14. Bg5 Qd7 15. Ne5 Qf5 16. Bxf6 gxf6 17. Nf3 Bd6 18. a4 Kh8 19. Ne2 Qd7 20. Ng3 Rxe1+ 21. Rxe1 Qxa4 22. Qd3 Re8 23. Nf5 Rxe1+ 24. Nxe1 Qd7 25. Qf3 Bf8 26. Ne3 Qe6 27. Nd3 Bd6 28. b3 a5 29. h3 Be7 30. Qh5 Bd6 31. Nf5 Bf8 32. Nf4 Qe1+ 33. Kh2 Qe4 34. g3 Kg8 35. Ne3 Bg7 36. Qg4 Kh8 37. Nexd5 f5 38. Qh4 Nd7 39. Qh5 Kg8 40. Qxf5 Qxf5 41. Ne7+ Kf8 42. Nxf5 b5 43. Nd5 a4 44. bxa4 bxa4 45. Kg2 a3 46. Nb4 Nb8 47. d5 Bb2 48. Kf3 Nd7 49. Ke2 Nf6 50. d6 Ke8 51. Kd3 Nd5 52. Na2 Kd7 53. Kc2 Ke6 54. g4 Nf4 55. Nb4   {Game drawn by mutual agreement} 1/2-1/2

[Event "Team 45 45 League T25"]
[Site "Free Internet Chess Server"]
[Date "PST.12.0"]
[Round "1"]
[White "qire"]
[Black "Matias"]
[Result "1-0"]
[WhiteElo "2056"]
[BlackElo "2059"]
[TimeControl "2700+45"]

1. e4 e6 2. Qe2 a6 3. d4 b5 4. g3 Bb7 5. Bg2 c5 6. c3 Nf6 7. Bg5 cxd4 8. cxd4 d5 9. e5 h6 10. Bxf6 gxf6 11. f4 Bb4+ 12. Nd2 Nc6 13. Nf3 Qb6 14. a3 Be7 15. Qd3 a5 16. O-O Ba6 17. Rfe1 b4 18. Qe3 f5 19. Rec1 Rc8 20. Rc2 h5 21. h4 Kd7 22. Rac1 Rhg8 23. Kh2 Rg7 24. a4 Bb7 25. Bf1 Na7 26. Nb3 Rxc2+ 27. Rxc2 Ba6 28. Nc5+ Bxc5 29. dxc5 Qc6 30. Nd4 Qc8 31. c6+ Ke8 32. Nb5 Bxb5 33. axb5 Qa8 34. b6 Nxc6 35. Bb5   {Black resigns} 1-0

[Event "Team 45 45 League T25"]
[Site "Free Internet Chess Server"]
[Date "2004.12.10"]
[Round "1"]
[White "zota"]
[Black "TrondTumyr"]
[Result "1-0"]
[WhiteElo "1868"]
[BlackElo "1827"]
[TimeControl "2700+45"]

1. e4 e5 2. Nf3 Nc6 3. Bb5 a6 4. Ba4 Nf6 5. d4 exd4 6. O-O b5 7. Bb3 Bc5 8. e5 Ng4 9. c3 dxc3 10. Bxf7+ Kxf7 11. Qd5+ Ke8 12. Qxc5 cxb2 13. Bxb2 Qe7 14. Qd5 Bb7 15. e6 Nf6 16. exd7+ Qxd7 17. Qg5 Kf7 18. Nc3 Rhf8 19. Rad1 Qe6 20. Nd5 Rac8 21. Rfe1 Qg4 22. Bxf6   {Black resigns} 1-0

[Event "Team 45 45 League T25"]
[Site "Free Internet Chess Server"]
[Date "2004.12.13"]
[Round "1"]
[White "Pawns"]
[Black "impe"]
[Result "0-1"]
[WhiteElo "1696"]
[BlackElo "1798"]
[TimeControl "2700+45"]

1. e4 c5 2. d4 cxd4 3. c3 d3 4. Bxd3 Nc6 5. Nf3 d6 6. O-O g6 7. Be3 Bg7 8. Qd2 Nf6 9. h3 O-O 10. Bh6 Ne5 11. Nxe5 dxe5 12. Bxg7 Kxg7 13. Bc2 Qb6 14. Qc1 Bd7 15. Nd2 Bc6 16. Kh1 Rfd8 17. f3 Nh5 18. Kh2 Rd7 19. Bb3 Rad8 20. Nc4 Qc7 21. Qg5 f6 22. Qh4 Bb5 23. Ne3 Bxf1 24. Rxf1 Rd2 25. Nf5+ Kf8 26. Kh1 Rxb2 27. g4 Rdd2 28. Re1 Qxc3 29. Ne3 Nf4 30. Qh6+ Ke8 31. Qxh7 Rh2+ 32. Kg1 Qxe1+ 33. Nf1 Rbg2#   {White checkmated} 0-1

[Event "Team 45 45 League T25"]
[Site "Free Internet Chess Server"]
[Date "2004.12.18"]
[Round "1"]
[White "Thalagor"]
[Black "Epsi"]
[Result "1-0"]
[WhiteElo "1709"]
[BlackElo "1794"]
[TimeControl "2700+45"]

1. e4 c5 2. Nf3 d6 3. d4 cxd4 4. Nxd4 Nf6 5. Nc3 a6 6. Bc4 b5 7. Bb3 b4 8. Nd5 Nxe4 9. Qh5 e6 10. Ba4+ Bd7 11. Nxe6 g6 12. Nec7+   {Black resigns} 1-0